 Dungeon Crawl Stone Soup version 0.25.0-11-g1f837a76a1 (webtiles) character file.

Game seed: 11025634304655430476

55 MisterFreud the Slasher (level 3, -4/33 HPs)
             Began as a Minotaur Fighter on June 27, 2020.
             Slain by a gnoll
             ... wielding a +0 halberd
              (13 damage)
             ... on level 2 of the Dungeon.
             The game lasted 00:02:13 (1068 turns).

MisterFreud the Slasher (Minotaur Fighter)          Turns: 1068, Time: 00:02:14

Health: -4/33      AC:  7    Str: 21    XL:     3   Next: 67%
Magic:  2/2        EV:  7    Int:  5    God:
Gold:   76         SH:  9    Dex:  9    Spells: 2/2 levels left

rFire    . . .     SeeInvis .   a - +0 long sword
rCold    . . .     Gourm    .   c - +0 kite shield
rNeg     . . .     Faith    .   b - +0 scale mail
rPois    .         Spirit   .   (helmet restricted)
rElec    .         Reflect  .   (no cloak)
rCorr    .         Harm     .   (no gloves)
MR       .....                  (no boots)
Stlth    ..........             (no amulet)
HPRegen  0.11/turn              (no ring)
MPRegen  0.08/turn              (no ring)

@: no status effects
A: retaliatory headbutt, horns 2
a: no special abilities


You were on level 2 of the Dungeon.
You were hungry.

You visited 1 branch of the dungeon, and saw 2 of its levels.

You collected 76 gold pieces.

Inventory:

Hand Weapons
 a - a +0 long sword (weapon)
Armour
 b - a +0 scale mail (worn)
 c - a +0 kite shield (worn)
Jewellery
 j - an uncursed ring of protection from cold {unknown}
 k - a cursed ring of teleportation {unknown}
Scrolls
 e - a scroll of teleportation {unknown}
 h - 2 scrolls of identify {unknown}
 i - 2 scrolls of remove curse {unknown}
 l - a scroll of immolation {unknown}
 m - a scroll of enchant armour {unknown}
Potions
 d - 2 potions of might
Comestibles
 f - 2 rations
 g - 2 chunks of flesh


   Skills:
 - Level 3.8 Fighting
 + Level 4.4 Long Blades
 - Level 3.9 Armour
 - Level 3.8 Shields


You had 2 spell levels left.
You didn't know any spells.
Your spell library was empty.

Dungeon Overview and Level Annotations

Branches:
Dungeon (2/15)

Altars:


Innate Abilities, Weirdness & Mutations

You reflexively headbutt those who attack you in melee.
You have a pair of horns on your head.


Message History

You hit the gnoll.
The gnoll is lightly wounded.
You block the gnoll's attack. x2; The gnoll barely misses you.
You closely miss the gnoll.
The gnoll is lightly wounded.
The gnoll barely misses you. The gnoll hits you.
You hit the gnoll. Your headbutt misses the gnoll.
The gnoll is moderately wounded.
The gnoll hits you from afar with a +0 halberd.
You block the gnoll's attack.
You are too injured to fight recklessly!
You hit the gnoll.
The gnoll is severely wounded.
You block the gnoll's attack. The gnoll hits you.
* * * LOW HITPOINT WARNING * * *
You closely miss the gnoll. You headbutt the gnoll.
You kill the gnoll!
The gnoll barely misses you. The gnoll hits you with a +0 halberd!
You die...

........####.##.##
...##. ...##.#
#..## ######.##
##..####### #...
.........# ####
#.......# #
#..?....# #
#######.......# ##
#....@g.......# #.
#.#####.......# #.
# #.....### #.
#...### #. ##.####
#. #.....# #.
#..##.#########.
#..##...........
#..#########.###


You could see a gnoll.

Vanquished Creatures
  3 gnolls (D:2)
  A dart slug (D:1)
  2 leopard geckos (D:1)
  4 bats
  3 goblins
  3 hobgoblins (D:1)
  4 frilled lizards
  3 kobolds
  A rat (D:2)
24 creatures vanquished.

Notes
Turn   | Place    | Note
-------+----------+-------------------------------------------
     0 | D:1      | MisterFreud the Minotaur Fighter began the quest for the
                  | Orb.
     0 | D:1      | Reached XP level 1. HP: 19/19 MP: 0/0
   193 | D:1      | Reached XP level 2. HP: 27/27 MP: 1/1
   423 | D:1      | Reached skill level 3 in Long Blades
  1057 | D:2      | Reached XP level 3. HP: 33/33 MP: 2/2
  1059 | D:2      | Reached skill level 4 in Long Blades
  1068 | D:2      | Slain by a gnoll

Illustrated notes

Levels and vault maps discovered:
D:1:      lightli_molten_gateway, layout_basic
D:2:      layout_loops_cross

Skill      XL: |  1  2  3 |
---------------+----------+-----
Long Blades    | 3 4 |  4.4
Fighting       | |  3.8
Armour         | |  3.9
Shields        | |  3.8

Action                   || total
-------------------------++-------
Melee: Long sword        ||    60
       Headbutt          ||     9
Armor: Scale mail        ||    24
Dodge: Dodged            ||    27
Block: Kite shield       ||    36
       Rpst.: Long sword ||     6
